[Event "DVM U14 2024"]
[Site "Heidelberg"]
[Date "2024.12.28"]
[Round "4"]
[White "Steinbrenner, Peter"]
[Black "Retzlaff, Kian"]
[Result "1-0"]
[ECO "D00"]
[WhiteElo "1946"]
[BlackElo "1826"]
[Annotator "NA RC"]
[PlyCount "43"]
[EventDate "2024.12.23"]
[EventType "team-tourn"]
[EventRounds "7"]
[EventCountry "GER"]
[SourceTitle "playchess.com"]
[Source "ChessBase"]
[SourceQuality "1"]
[TimeControl "40/5400+30:1800+30"]

1. d4 Nf6 2. Nc3 d5 3. Bf4 g6 4. h4 Bg7 5. e3 h5 6. Bd3 O-O 7. Nf3 Bg4 8. Qd2 Bxf3 9. gxf3 $11 Re8 10. Rg1 Kh7 11. Bg5 e6 12. Ne2 c5 13. c3 Nbd7 14. Nf4 Kh8 15. Bxg6 fxg6 16. Nxg6+ Kg8 17. Nf4 Qc7 18. Bh6 Re7 19. Bxg7 Kf7 20. Qd3 Nf8 21. Bxf8 Kxf8 22. Qg6 1-0

[Event "DVM U14 2024"]
[Site "Heidelberg"]
[Date "2024.12.28"]
[Round "4"]
[White "Bauer, Laura Sophie"]
[Black "Ollhoff, Hannes"]
[Result "1-0"]
[ECO "C10"]
[WhiteElo "1926"]
[BlackElo "1801"]
[Annotator "NA RC"]
[PlyCount "69"]
[EventDate "2024.12.23"]
[EventType "team-tourn"]
[EventRounds "7"]
[EventCountry "GER"]
[SourceTitle "playchess.com"]
[Source "ChessBase"]
[SourceQuality "1"]
[TimeControl "40/5400+30:1800+30"]

1. e4 e6 2. d4 d5 3. Nd2 dxe4 4. Nxe4 Nd7 5. Nf3 Ngf6 6. Nxf6+ Nxf6 7. Bd3 c5 8. dxc5 Bxc5 9. O-O O-O 10. c3 b6 11. Bg5 Bb7 $11 12. Qe2 Qc7 13. Bxf6 gxf6 14. Be4 Bxe4 15. Qxe4 f5 16. Qh4 Be7 17. Ng5 Bxg5 18. Qxg5+ Kh8 19. Qf6+ Kg8 20. Qg5+ Kh8 21. Qf6+ Kg8 22. Rae1 Qd8 23. Qe5 Qb8 24. Qf6 Qd8 25. Qe5 Qb8 26. Qe3 f4 27. Qd4 Rd8 28. Qf6 Rd5 29. Rxe6 Qf8 30. Re4 Qd6 31. Qh4 Rf5 32. Qg4+ Qg6 33. Rxf4 Rg5 34. Qf3 Rd8 35. h4 1-0

[Event "DVM U14 2024"]
[Site "Heidelberg"]
[Date "2024.12.28"]
[Round "4"]
[White "Neumeier, Valentina"]
[Black "Nguyen, Bach Khoi"]
[Result "1/2-1/2"]
[ECO "C54"]
[WhiteElo "1877"]
[BlackElo "1590"]
[Annotator "NA RC"]
[PlyCount "57"]
[EventDate "2024.12.23"]
[EventType "team-tourn"]
[EventRounds "7"]
[EventCountry "GER"]
[SourceTitle "playchess.com"]
[Source "ChessBase"]
[SourceQuality "1"]
[TimeControl "40/5400+30:1800+30"]

1. e4 e5 2. Nf3 Nc6 3. Bc4 Bc5 4. c3 Nf6 5. d3 O-O 6. O-O d5 7. exd5 Nxd5 8. Re1 Bg4 9. Nbd2 Nb6 10. b4 $11 Be7 11. Qe2 Nxc4 12. Nxc4 f6 13. b5 Nb8 14. d4 Bxf3 15. Qxf3 c6 16. bxc6 Nxc6 17. d5 Na5 18. Ne3 Rc8 19. Bb2 Nc4 20. Nxc4 Rxc4 21. Qd3 Qc7 22. Rad1 Bd6 23. Re4 Rxe4 24. Qxe4 f5 25. Qe2 e4 26. g3 Qe7 27. Re1 Re8 28. Bc1 h6 29. Qh5 1/2-1/2

[Event "DVM U14 2024"]
[Site "Heidelberg"]
[Date "2024.12.28"]
[Round "4"]
[White "Klein, Deniz"]
[Black "Hasanovic, Arian"]
[Result "1-0"]
[ECO "A22"]
[WhiteElo "1852"]
[BlackElo "1685"]
[Annotator "NA RC"]
[PlyCount "101"]
[EventDate "2024.12.23"]
[EventType "team-tourn"]
[EventRounds "7"]
[EventCountry "GER"]
[SourceTitle "playchess.com"]
[Source "ChessBase"]
[SourceQuality "1"]
[TimeControl "40/5400+30:1800+30"]

1. c4 e5 2. g3 Nf6 3. Bg2 d5 4. cxd5 Nxd5 5. Nc3 Nf6 6. Nf3 Bd6 7. O-O O-O 8. a3 Nc6 9. b4 h6 10. d3 Bf5 11. Be3 Re8 12. Nd2 Qd7 13. Rc1 Bh3 14. Nce4 Nxe4 15. Nxe4 Bxg2 16. Kxg2 f5 17. Nc5 Bxc5 18. Rxc5 b6 19. Rc4 Ne7 20. Qc2 Rac8 21. Rc1 c6 22. a4 Qb7 23. Kg1 Rf8 24. Bd2 Rf6 25. Bc3 Re6 26. Qb3 Qd7 27. Bb2 Kh7 28. a5 f4 29. Re4 Ng6 30. axb6 axb6 31. Qc2 Qe7 32. Qc3 Qg5 33. d4 Rce8 34. Qc4 fxg3 35. hxg3 Qd2 36. Rc2 Qd1+ 37. Kg2 exd4 38. Rxe6 Rxe6 39. Qxd4 Qxd4 40. Bxd4 b5 41. f4 Ne7 42. Kf3 Kg8 43. e4 g6 44. g4 Kf7 45. Bc5 Ng8 46. f5 gxf5 47. gxf5 Rf6 48. Kf4 h5 49. e5 Rh6 50. e6+ Ke8 51. Ra2 1-0

[Event "DVM U14 2024"]
[Site "Heidelberg"]
[Date "2024.12.28"]
[Round "4"]
[White "Haertel, Leon"]
[Black "Kaplan, Arne"]
[Result "1/2-1/2"]
[ECO "E21"]
[WhiteElo "1839"]
[BlackElo "1710"]
[Annotator "NA RC"]
[PlyCount "42"]
[EventDate "2024.12.23"]
[EventType "team-tourn"]
[EventRounds "7"]
[EventCountry "GER"]
[SourceTitle "playchess.com"]
[Source "ChessBase"]
[SourceQuality "1"]
[TimeControl "40/5400+30:1800+30"]

1. d4 Nf6 2. c4 e6 3. Nc3 Bb4 4. e3 b6 5. Bd2 Bb7 6. Nf3 O-O 7. Bd3 Bxc3 8. Bxc3 Ne4 9. Bxe4 Bxe4 10. d5 Bg6 11. Qd4 f6 12. dxe6 dxe6 13. O-O-O Nc6 14. Qd7 Qxd7 15. Rxd7 Rac8 16. b4 Rfd8 17. Rhd1 Be8 18. Rxd8 Rxd8 19. Nd4 e5 20. Nxc6 Rxd1+ 21. Kxd1 Bxc6 1/2-1/2

[Event "DVM U14 2024"]
[Site "Heidelberg"]
[Date "2024.12.28"]
[Round "4"]
[White "Geschke, David"]
[Black "Riechenberg, Sebastian"]
[Result "0-1"]
[ECO "E38"]
[WhiteElo "1831"]
[BlackElo "2041"]
[Annotator "NA RC"]
[PlyCount "104"]
[EventDate "2024.12.23"]
[EventType "team-tourn"]
[EventRounds "7"]
[EventCountry "GER"]
[SourceTitle "playchess.com"]
[Source "ChessBase"]
[SourceQuality "1"]
[TimeControl "40/5400+30:1800+30"]

1. d4 Nf6 2. c4 e6 3. Nc3 Bb4 4. Nf3 c5 5. e3 O-O 6. Qc2 d5 7. cxd5 cxd4 8. Nxd4 exd5 9. Bd2 Nc6 10. Nxc6 bxc6 11. Bd3 $11 c5 12. O-O Be6 13. Rad1 Rc8 14. Qb1 Ba5 15. Ne2 Bc7 16. Bc3 h5 17. Bf5 Qd7 18. Bxe6 fxe6 19. Qc2 e5 20. f4 Rfe8 21. Qg6 Qg4 22. Qxg4 Nxg4 23. Rf3 d4 24. Bd2 e4 25. Rh3 d3 26. Nc3 Nf6 27. Rg3 Bb6 28. Nb5 Rc6 29. Kf2 c4 30. h3 Nd5 31. Nc3 Nxf4 32. Rg5 Rg6 33. Rxg6 Nxg6 34. Nd5 Ne5 35. Bc3 Kf7 36. Bd4 Bxd4 37. exd4 Rd8 38. Nc3 Nc6 39. Ke3 Nxd4 40. Kxe4 Ke6 41. Rd2 g5 42. Nd1 Nf5 43. Kf3 Rd4 44. g3 h4 45. g4 Rf4+ 46. Kg2 Nd6 47. Nc3 Ne4 48. Nxe4 Rxe4 49. Kf3 Kd5 50. b3 Kd4 51. bxc4 Rf4+ 52. Kg2 Ke5 0-1

[Event "DVM U14 2024"]
[Site "Heidelberg"]
[Date "2024.12.28"]
[Round "4"]
[White "Kovalyov, Dima"]
[Black "Zhu, Timo Kaiheng"]
[Result "1-0"]
[ECO "E06"]
[WhiteElo "1829"]
[BlackElo "1615"]
[Annotator "NA RC"]
[PlyCount "93"]
[EventDate "2024.12.23"]
[EventType "team-tourn"]
[EventRounds "7"]
[EventCountry "GER"]
[SourceTitle "playchess.com"]
[Source "ChessBase"]
[SourceQuality "1"]
[TimeControl "40/5400+30:1800+30"]

1. d4 d5 2. Nf3 Nf6 3. g3 e6 4. Bg2 c5 5. c4 Nc6 6. O-O Be7 7. dxc5 Bxc5 8. cxd5 Qxd5 9. Qxd5 Nxd5 10. Bd2 O-O 11. Nc3 Nxc3 12. Bxc3 f6 13. Rac1 Bb6 14. Rfd1 e5 15. b4 a5 16. b5 Ne7 17. a4 Bg4 18. h3 Bh5 19. g4 Bf7 20. Rd7 Nd5 21. Rxb7 Nxc3 22. Rxc3 Rab8 23. Rxb8 Rxb8 24. Nd2 Bd4 25. Rc6 Bb6 26. Nb1 Bb3 27. Nc3 Kf8 28. Bd5 Bxd5 29. Nxd5 Bd8 30. Ne3 Kf7 31. Nc4 Ra8 32. Ra6 Rb8 33. Nxa5 Bxa5 34. Rxa5 Ke6 35. Ra6+ Kd5 36. b6 Kc6 37. a5 Rb7 38. Kg2 g6 39. Kf3 f5 40. gxf5 gxf5 41. Ke3 Rd7 42. Ra7 Rxa7 43. bxa7 Kb7 44. a8=Q+ Kxa8 45. f4 e4 46. Kd4 Kb7 47. Ke5 1-0

[Event "DVM U14 2024"]
[Site "Heidelberg"]
[Date "2024.12.28"]
[Round "4"]
[White "Ahryzkov, Ivan"]
[Black "Spielvogel, Oliver"]
[Result "1-0"]
[ECO "B28"]
[WhiteElo "1813"]
[BlackElo "1543"]
[Annotator "NA RC"]
[PlyCount "41"]
[EventDate "2024.12.23"]
[EventType "team-tourn"]
[EventRounds "7"]
[EventCountry "GER"]
[SourceTitle "playchess.com"]
[Source "ChessBase"]
[SourceQuality "1"]
[TimeControl "40/5400+30:1800+30"]

1. e4 c5 2. c3 e6 3. d4 a6 4. Bd3 b5 5. Nf3 Bb7 6. O-O Nf6 7. Re1 Be7 8. Nbd2 O-O 9. Nf1 Nc6 10. Qe2 d6 11. Bg5 Qb6 12. e5 Nd7 13. Qe4 g6 14. Qh4 Rfe8 15. Bxe7 Nxe7 16. Ng5 Nf8 17. Qf4 Nf5 18. g4 Nh6 19. Re3 Kg7 20. Rh3 Qc7 21. Qf6+ 1-0

[Event "DVM U14 2024"]
[Site "Heidelberg"]
[Date "2024.12.28"]
[Round "4"]
[White "Allen, Phillipp"]
[Black "Fischermann, Simon"]
[Result "0-1"]
[ECO "D31"]
[WhiteElo "1793"]
[BlackElo "1899"]
[Annotator "NA RC"]
[PlyCount "70"]
[EventDate "2024.12.23"]
[EventType "team-tourn"]
[EventRounds "7"]
[EventCountry "GER"]
[SourceTitle "playchess.com"]
[Source "ChessBase"]
[SourceQuality "1"]
[TimeControl "40/5400+30:1800+30"]

1. c4 e6 2. e4 c6 3. d4 d5 4. Nc3 Be7 5. Nf3 dxe4 6. Nxe4 Nf6 7. Bd3 Nbd7 $14 8. Nc3 Nf8 9. O-O Ng6 10. h4 O-O 11. Bg5 b6 12. Qc2 Nh5 13. g3 Bb7 14. Rad1 Qc7 15. Rfe1 Rad8 16. d5 Bxg5 17. hxg5 exd5 18. cxd5 c5 19. Kg2 Bc8 20. Bf5 Bxf5 21. Qxf5 Ne7 22. Qe4 Nc8 23. Nb5 Qd7 24. a4 a6 25. Nc3 Nd6 26. Qe2 Qg4 27. Ne5 Nf4+ 28. Kg1 Nxe2+ 29. Rxe2 Qxg5 30. Kg2 Rde8 31. f4 Qd8 32. Kf3 f6 33. Nc6 Qd7 34. Rde1 Rxe2 35. Rxe2 Re8 0-1

[Event "DVM U14 2024"]
[Site "Heidelberg"]
[Date "2024.12.28"]
[Round "4"]
[White "Shevchenko, Igor"]
[Black "Botschek, Marius"]
[Result "1/2-1/2"]
[ECO "B36"]
[WhiteElo "1788"]
[BlackElo "1788"]
[Annotator "NA RC"]
[PlyCount "161"]
[EventDate "2024.12.23"]
[EventType "team-tourn"]
[EventRounds "7"]
[EventCountry "GER"]
[SourceTitle "playchess.com"]
[Source "ChessBase"]
[SourceQuality "1"]
[TimeControl "40/5400+30:1800+30"]

1. d4 Nf6 2. c4 c5 3. Nf3 cxd4 4. Nxd4 Nc6 5. Nc3 g6 6. e4 d6 7. Be2 Nxd4 8. Qxd4 Bg7 9. h3 O-O 10. Qe3 Bd7 11. O-O Bc6 12. f4 Nd7 13. Bf3 Qb6 14. Nd5 Bxd5 15. Qxb6 Nxb6 16. cxd5 Rac8 17. Rd1 Rc2 18. Rb1 Rfc8 19. b3 Rxa2 20. Be3 Nd7 21. Bg4 f5 22. exf5 h5 23. Bf3 gxf5 24. Bxh5 Rcc2 25. Bf3 a6 26. Rbc1 Kh7 27. Rxc2 Rxc2 28. Rd3 Nc5 29. Bxc5 Rxc5 30. g4 fxg4 31. hxg4 Rc3 32. Rxc3 Bxc3 33. Kf2 Bd2 34. Be4+ Kg7 35. Kf3 a5 36. Bd3 Bc1 37. Bb5 Bd2 38. Ke4 b6 39. Kf5 Kf7 40. Bd7 Be3 41. g5 Bd4 42. Ke4 Bc3 43. Kf3 Bd2 44. Kg4 Kg6 45. Be8+ Kg7 46. Kf5 Bc3 47. Ke4 Kf8 48. Bd7 Kf7 49. Kd3 Bb2 50. Ke3 Bc3 51. Kf3 Bd4 52. Kg4 Kg7 53. Kf5 Kf7 54. Ke4 Bc3 55. Kd3 Bb2 56. Bg4 Kg7 57. Bh5 Bc1 58. Ke4 Bb2 59. Kf5 Kf8 60. Kg6 Kg8 61. Be2 Bc3 62. Bb5 Bb2 63. Bd7 Bc3 64. Be6+ Kf8 65. f5 Bd4 66. Kh6 Bc3 67. f6 exf6 68. g6 f5 69. Bxf5 Bg7+ 70. Kh7 Bf6 71. Bd7 Bg7 72. Be6 Bf6 73. Kh6 Bg7+ 74. Kg5 Ke7 75. Kf5 Bf6 76. Bc8 Be5 77. Ba6 Bf6 78. Kg4 Bg7 79. Kg5 Kf8 80. Kf5 Ke7 81. Bb5 1/2-1/2

[Event "DVM U14 2024"]
[Site "Heidelberg"]
[Date "2024.12.28"]
[Round "4"]
[White "Han, Erdem"]
[Black "Dersewski, Jonas"]
[Result "1-0"]
[ECO "B38"]
[WhiteElo "1751"]
[BlackElo "1738"]
[Annotator "NA RC"]
[PlyCount "62"]
[EventDate "2024.12.23"]
[EventType "team-tourn"]
[EventRounds "7"]
[EventCountry "GER"]
[SourceTitle "playchess.com"]
[Source "ChessBase"]
[SourceQuality "1"]
[TimeControl "40/5400+30:1800+30"]

1. d4 Nf6 2. c4 g6 3. Nc3 Bg7 4. e4 d6 5. Nf3 O-O 6. Be2 c5 7. O-O cxd4 8. Nxd4 Nc6 9. Be3 Bd7 10. h3 Nxd4 11. Bxd4 Bc6 12. Bf3 Nd7 13. Bxg7 Kxg7 14. Qd4+ Kg8 15. Nd5 Bxd5 16. exd5 a5 17. Rfe1 Nc5 18. Bd1 Qc7 19. Bc2 Rab8 20. a4 Rbc8 21. b3 Rfe8 22. Rad1 Qb6 23. Qc3 Nd7 24. Qg3 Nf6 25. Kh2 Qc7 26. f4 Kh8 27. Qg5 Qd7 28. Re2 Rg8 29. Rde1 Kg7 30. Rxe7 Qd8 31. R1e6 Re8 1-0

[Event "DVM U14 2024"]
[Site "Heidelberg"]
[Date "2024.12.28"]
[Round "4"]
[White "Muller, Anker"]
[Black "Glavev, Danail"]
[Result "1-0"]
[ECO "C22"]
[WhiteElo "1744"]
[BlackElo "1690"]
[Annotator "NA RC"]
[PlyCount "77"]
[EventDate "2024.12.23"]
[EventType "team-tourn"]
[EventRounds "7"]
[EventCountry "GER"]
[SourceTitle "playchess.com"]
[Source "ChessBase"]
[SourceQuality "1"]
[TimeControl "40/5400+30:1800+30"]

1. e4 e5 2. d4 exd4 3. Qxd4 Qf6 4. Qe3 Nc6 5. Nc3 Bb4 6. Bd2 Nge7 7. O-O-O O-O 8. Bc4 d6 9. f3 Be6 10. Bb3 Bxb3 11. axb3 Rad8 12. Nh3 Ne5 13. f4 N5g6 14. g4 Bc5 15. Qf3 Ne5 16. Qg3 N5c6 17. f5 d5 18. Bg5 Qd6 19. Bf4 Qd7 20. Nxd5 Nxd5 21. Rxd5 Qe7 22. Re1 Bb6 23. g5 Rfe8 24. Rxd8 Rxd8 25. e5 Nd4 26. Qg4 Qb4 27. Rd1 Qe7 28. Kb1 Nc6 29. Re1 Qb4 30. Qg3 Ba5 31. Rc1 Qe7 32. g6 fxg6 33. Bg5 Qe8 34. Bxd8 Qxd8 35. fxg6 hxg6 36. Qxg6 Nxe5 37. Qe6+ Nf7 38. Rf1 Qf8 39. Ng5 1-0

[Event "DVM U14 2024"]
[Site "Heidelberg"]
[Date "2024.12.28"]
[Round "4"]
[White "Blumenthal Tuset, Sebastian"]
[Black "Bock, Leonas"]
[Result "0-1"]
[ECO "B33"]
[WhiteElo "1732"]
[BlackElo "1668"]
[Annotator "NA RC"]
[PlyCount "62"]
[EventDate "2024.12.23"]
[EventType "team-tourn"]
[EventRounds "7"]
[EventCountry "GER"]
[SourceTitle "playchess.com"]
[Source "ChessBase"]
[SourceQuality "1"]
[TimeControl "40/5400+30:1800+30"]

1. e4 c5 2. Nf3 Nc6 3. d4 cxd4 4. Nxd4 Nf6 5. Nc3 e5 6. Ndb5 d6 7. Nd5 Nxd5 8. exd5 Ne7 9. c4 Ng6 10. Be2 a6 11. Nc3 Be7 12. Be3 O-O 13. O-O Bf5 14. Rc1 Rc8 15. b3 Bg5 16. Bd3 Bxe3 17. Bxf5 Bxc1 18. Bxc8 Bb2 19. Na4 Qxc8 20. Nxb2 f5 21. Qd2 e4 22. Qe3 Re8 23. Qb6 Qd7 24. b4 f4 25. Nd1 Ne5 26. Qd4 Qf5 27. c5 Nf3+ 28. gxf3 Qg5+ 29. Kh1 exf3 30. Rg1 Qxg1+ 31. Kxg1 Re1# 0-1

[Event "DVM U14 2024"]
[Site "Heidelberg"]
[Date "2024.12.28"]
[Round "4"]
[White "Yan, Haichen"]
[Black "Pflug, Anton"]
[Result "1/2-1/2"]
[ECO "D36"]
[WhiteElo "1732"]
[BlackElo "1812"]
[Annotator "NA RC"]
[PlyCount "131"]
[EventDate "2024.12.23"]
[EventType "team-tourn"]
[EventRounds "7"]
[EventCountry "GER"]
[SourceTitle "playchess.com"]
[Source "ChessBase"]
[SourceQuality "1"]
[TimeControl "40/5400+30:1800+30"]

1. d4 d5 2. c4 e6 3. Nc3 Nf6 4. cxd5 exd5 5. Bg5 Be7 6. e3 c6 7. Bd3 O-O 8. Qc2 Nbd7 9. Nf3 h6 10. Bh4 Re8 11. O-O Ne4 12. Bxe7 Qxe7 13. Rfc1 Ng5 14. Nd2 Nf6 15. Rab1 Qd6 16. b4 Ng4 17. Nf1 a6 18. Na4 Nf6 19. Nb6 Rb8 20. a4 Nd7 21. Nxd7 Bxd7 22. Ng3 g6 23. Qc5 Qf6 24. b5 axb5 25. axb5 h5 26. bxc6 Bxc6 27. Bb5 h4 28. Nh1 h3 29. Bf1 hxg2 30. Bxg2 Nf3+ 31. Bxf3 Qxf3 32. Qd6 Rbd8 33. Qg3 Qf5 34. Qg2 Ra8 35. Ng3 Qe6 36. Ra1 Kf8 37. Ne2 Qe4 38. Qxe4 dxe4 39. Nc3 Rad8 40. Rab1 Re7 41. Rb4 Kg7 42. Rcb1 f5 43. d5 Bxd5 44. Nxd5 Rxd5 45. Rxb7 Rxb7 46. Rxb7+ Kf6 47. Rb6+ Kg5 48. Kg2 Rd1 49. Ra6 Rb1 50. Rc6 Rb5 51. Rd6 Kh5 52. h4 Rb1 53. Rc6 Ra1 54. Rb6 Ra8 55. Rc6 Rg8 56. Kh3 g5 57. Rf6 gxh4 58. Rxf5+ Rg5 59. Rf4 Re5 60. Rxh4+ Kg5 61. Kg3 Re8 62. f4+ exf3 63. Rg4+ Kh5 64. Kxf3 Rxe3+ 65. Kxe3 Kxg4 66. Ke4 1/2-1/2

[Event "DVM U14 2024"]
[Site "Heidelberg"]
[Date "2024.12.28"]
[Round "4"]
[White "Kalinski, Jan"]
[Black "Meijers, Janis"]
[Result "0-1"]
[ECO "D35"]
[WhiteElo "1700"]
[BlackElo "1783"]
[Annotator "NA RC"]
[PlyCount "84"]
[EventDate "2024.12.23"]
[EventType "team-tourn"]
[EventRounds "7"]
[EventCountry "GER"]
[SourceTitle "playchess.com"]
[Source "ChessBase"]
[SourceQuality "1"]
[TimeControl "40/5400+30:1800+30"]

1. c4 e6 2. g3 d5 3. cxd5 exd5 4. Bg2 Nf6 5. Nf3 Bd6 6. O-O O-O 7. Nc3 c6 8. d4 h6 9. Re1 Re8 10. Bd2 Bf5 11. Qb3 Qb6 12. Qxb6 axb6 13. Nh4 Bh7 14. Nf3 b5 15. a3 Nbd7 16. Nd1 b4 17. Bc1 Nb6 18. Ne3 Nc4 19. Nxc4 dxc4 20. Nd2 c3 21. bxc3 bxc3 22. Nc4 Bf8 23. f3 c5 24. d5 Nxd5 25. e4 b5 26. Ne3 Nxe3 27. Rxe3 b4 28. Re2 b3 29. Rb1 b2 30. Be3 Rxa3 31. Ree1 Rb8 32. Bf4 Rb7 33. Be5 f6 34. Bxc3 Rxc3 35. Red1 c4 36. Bf1 f5 37. e5 f4 38. Rxb2 Rxb2 39. e6 Bf5 40. Re1 Re3 41. Rxe3 fxe3 42. Bxc4 Be7 0-1

[Event "DVM U14 2024"]
[Site "Heidelberg"]
[Date "2024.12.28"]
[Round "4"]
[White "Faerber, Anna"]
[Black "Noennig, Jakob"]
[Result "1/2-1/2"]
[ECO "C45"]
[WhiteElo "1698"]
[BlackElo "2065"]
[Annotator "RC"]
[PlyCount "182"]
[EventDate "2024.12.23"]
[EventType "team-tourn"]
[EventRounds "7"]
[EventCountry "GER"]
[SourceTitle "playchess.com"]
[Source "ChessBase"]
[SourceQuality "1"]
[TimeControl "40/5400+30:1800+30"]

1. e4 e5 2. Nf3 Nc6 3. d4 exd4 4. Nxd4 Bb4+ 5. c3 Bc5 6. Be3 Bb6 7. Nd2 Nge7 8. N2f3 O-O 9. Bd3 d5 10. Nxc6 bxc6 11. Bxb6 axb6 12. O-O Bg4 13. exd5 Qxd5 14. a3 Rad8 15. Be2 Qe4 16. Qc1 Qxe2 17. Re1 Qb5 18. Rxe7 Bxf3 19. gxf3 Rd6 20. Re4 f5 21. Rd4 Rg6+ 22. Kh1 Qe2 23. Qe3 Qxb2 24. Rad1 Qxa3 25. Qd3 Rd6 26. Rxd6 cxd6 27. Qc4+ Kh8 28. Qxc6 Qb2 29. Qxd6 Rg8 30. Qd4 Qe2 31. Kg2 Re8 32. Qd3 Qe6 33. Qd6 Qb3 34. Qd7 Rf8 35. Qd6 Rg8 36. Qd4 h6 37. Re1 Qa3 38. Qxb6 Qxc3 39. Qe6 Rf8 40. Qe5 Qd2 41. Qe3 Qc2 42. Qe2 Qa4 43. Qe5 Qh4 44. Qg3 Qf6 45. Qe5 Qc6 46. Qe6 Qc3 47. Qe5 Qc2 48. Qe2 Qa4 49. Qe5 Kh7 50. Ra1 Qc6 51. Re1 Rf6 52. Qe3 Qd6 53. Qe5 Qb4 54. Kh1 Qd2 55. Qe3 Qd6 56. Qe5 Qc6 57. Qe3 Rg6 58. Qf4 Qc2 59. Qe3 Rd6 60. Kg2 Rd2 61. Kf1 Rd3 62. Qe2 Qc3 63. Kg2 Rd6 64. Kh1 Rb6 65. Qe3 Qb4 66. Qe5 Rf6 67. Qe7 Qxe7 68. Rxe7 f4 69. Re4 Kg6 70. Kg2 Kf5 71. Rb4 Rg6+ 72. Kf1 Kg5 73. Rb5+ Kf6 74. Rb4 Ke5 75. Rb5+ Ke6 76. Rb6+ Kf7 77. Rb7+ Kg8 78. Rb4 Rf6 79. Kg2 Kh7 80. Rb7 h5 81. Rb5 Kh6 82. Ra5 g5 83. h3 Kg6 84. Ra8 Re6 85. Rg8+ Kf5 86. Rh8 h4 87. Ra8 Re5 88. Ra6 Rd5 89. Ra4 Ke5 90. Re4+ Kd6 91. Rc4 Re5 1/2-1/2

[Event "DVM U14 2024"]
[Site "Heidelberg"]
[Date "2024.12.28"]
[Round "4"]
[White "Geschke, Jonathan"]
[Black "Bohatyrova, Mariia"]
[Result "0-1"]
[ECO "B70"]
[WhiteElo "1698"]
[BlackElo "1682"]
[Annotator "NA RC"]
[PlyCount "114"]
[EventDate "2024.12.23"]
[EventType "team-tourn"]
[EventRounds "7"]
[EventCountry "GER"]
[SourceTitle "playchess.com"]
[Source "ChessBase"]
[SourceQuality "1"]
[TimeControl "40/5400+30:1800+30"]

1. e4 c5 2. Nf3 d6 3. d4 cxd4 4. Nxd4 Nf6 5. Nc3 g6 6. f3 h5 7. Be3 Nc6 8. Qd2 Nxd4 9. Bxd4 Bh6 10. Be3 Bxe3 11. Qxe3 Be6 12. Bb5+ Kf8 13. Rd1 Qa5 14. O-O Rc8 15. Bd3 Qc5 16. Qxc5 Rxc5 17. Rf2 Kg7 18. Ne2 Rhc8 19. Nd4 Bd7 20. c3 a6 21. Rc1 b5 22. a3 h4 23. Re1 Nh5 24. Bf1 Nf4 25. Rd2 f6 26. Ne2 Nxe2+ 27. Rdxe2 Be6 28. Re3 Kf7 29. f4 R8c7 30. e5 dxe5 31. fxe5 R7c6 32. exf6 exf6 33. Re4 g5 34. a4 bxa4 35. Rxa4 a5 36. b4 axb4 37. cxb4 Rc1 38. Rxc1 Rxc1 39. b5 h3 40. g3 Rb1 41. Rd4 Ke7 42. Rd2 Bc4 43. Rf2 Bxb5 44. Rf5 Ba6 45. Rf3 Kf7 46. Rf2 Kg6 47. Rf3 f5 48. Rf2 Kf6 49. Rf3 Ke5 50. g4 f4 51. Rxh3 Bxf1 52. Rh8 Be2+ 53. Kf2 Bxg4 54. Rg8 Rb2+ 55. Kg1 Kf6 56. h4 f3 57. Rxg5 f2+ 0-1

[Event "DVM U14 2024"]
[Site "Heidelberg"]
[Date "2024.12.28"]
[Round "4"]
[White "Mueller, Maximilian"]
[Black "Zabashtanskyi, Andrii"]
[Result "1/2-1/2"]
[ECO "D02"]
[WhiteElo "1679"]
[BlackElo "1644"]
[Annotator "NA RC"]
[PlyCount "46"]
[EventDate "2024.12.23"]
[EventType "team-tourn"]
[EventRounds "7"]
[EventCountry "GER"]
[SourceTitle "playchess.com"]
[Source "ChessBase"]
[SourceQuality "1"]
[TimeControl "40/5400+30:1800+30"]

1. d4 Nf6 2. Bf4 d5 3. Nc3 Bf5 4. e3 e6 5. Nf3 Bd6 6. Ne5 O-O 7. Bd3 Bxd3 8. Nxd3 Bxf4 9. Nxf4 Nbd7 10. O-O c5 11. Nce2 Qe7 12. c3 cxd4 13. exd4 Nb6 14. Ng3 Qd6 15. Nd3 Nc4 16. Qe2 Rac8 17. Ne5 Qb6 18. Nxc4 Rxc4 19. f3 Re8 20. Kh1 Qd6 21. Rae1 Qf4 22. Qe5 Qxe5 23. Rxe5 b5 1/2-1/2

[Event "DVM U14 2024"]
[Site "Heidelberg"]
[Date "2024.12.28"]
[Round "4"]
[White "Maier, Kalle"]
[Black "Petzold, Gustav"]
[Result "1-0"]
[ECO "B32"]
[WhiteElo "1673"]
[BlackElo "935"]
[Annotator "NA RC"]
[PlyCount "63"]
[EventDate "2024.12.23"]
[EventType "team-tourn"]
[EventRounds "7"]
[EventCountry "GER"]
[SourceTitle "playchess.com"]
[Source "ChessBase"]
[SourceQuality "1"]
[TimeControl "40/5400+30:1800+30"]

1. e4 c5 2. Nf3 Nc6 3. d4 cxd4 4. Nxd4 Nf6 5. Nc3 e5 6. Ndb5 d6 7. Bd3 a6 8. Na3 b5 9. Ne2 Be7 10. O-O O-O 11. c4 b4 12. Nc2 a5 13. Ne3 Be6 14. b3 Qd7 15. Ng3 Nd4 16. Bb2 g6 17. Bxd4 exd4 18. Nc2 a4 19. Nxd4 Ra5 20. Nxe6 fxe6 21. Qe2 Rfa8 22. bxa4 Rxa4 23. c5 R4a5 24. cxd6 Qxd6 25. Bc4 Kh8 26. Rad1 Qc6 27. Bb3 Re5 28. Rd4 Raa5 29. Rc4 Rac5 30. Rxb4 Rb5 31. Rxb5 Rxb5 32. Ba4 1-0

[Event "DVM U14 2024"]
[Site "Heidelberg"]
[Date "2024.12.28"]
[Round "4"]
[White "Varazi, Maxime"]
[Black "Li, Xiao Teng"]
[Result "1-0"]
[ECO "C56"]
[WhiteElo "1673"]
[BlackElo "1661"]
[Annotator "NA RC"]
[PlyCount "35"]
[EventDate "2024.12.23"]
[EventType "team-tourn"]
[EventRounds "7"]
[EventCountry "GER"]
[SourceTitle "playchess.com"]
[Source "ChessBase"]
[SourceQuality "1"]
[TimeControl "40/5400+30:1800+30"]

1. e4 e5 2. Nf3 Nc6 3. d4 exd4 4. Bc4 Nf6 5. e5 d5 6. Bb5 Nd7 7. O-O Bc5 8. Bxc6 bxc6 9. Nxd4 Bb7 10. e6 fxe6 11. Nxe6 Qc8 12. Nxg7+ Kf7 13. Qh5+ Kxg7 14. Bh6+ Kg8 15. Qg5+ Kf7 16. Qg7+ Ke6 17. Re1+ Kd6 18. Qe7# 1-0

[Event "DVM U14 2024"]
[Site "Heidelberg"]
[Date "2024.12.28"]
[Round "4"]
[White "Berbig, Georg"]
[Black "Fridlin, Daniel"]
[Result "0-1"]
[ECO "B52"]
[WhiteElo "1666"]
[BlackElo "1789"]
[Annotator "NA RC"]
[PlyCount "112"]
[EventDate "2024.12.23"]
[EventType "team-tourn"]
[EventRounds "7"]
[EventCountry "GER"]
[SourceTitle "playchess.com"]
[Source "ChessBase"]
[SourceQuality "1"]
[TimeControl "40/5400+30:1800+30"]

1. e4 c5 2. Nf3 d6 3. Bb5+ Bd7 4. Bxd7+ Nxd7 5. O-O Ngf6 6. Re1 e6 7. c3 Be7 8. d4 cxd4 9. cxd4 O-O 10. Nc3 a6 11. Bf4 Nb6 12. Qd3 Rc8 13. Rac1 Qd7 14. Ne2 Rfd8 15. Ng3 Rc6 16. Rxc6 bxc6 17. Qxa6 Qc7 18. Qe2 Ra8 19. a3 Qb7 20. Qc2 d5 21. e5 Nfd7 22. Nd2 c5 23. dxc5 Nxc5 24. Be3 Rc8 25. Bxc5 Bxc5 26. Nb3 Bb4 27. Qe2 Bxe1 28. Qxe1 Nc4 29. Nd4 Qxb2 30. Nf3 Nxa3 31. Ne2 Nc4 32. g3 Nxe5 33. Nxe5 Qxe5 34. Kg2 g6 35. Qd2 Qe4+ 36. f3 Qa4 37. Qe3 Rc2 38. Kh3 Qa2 39. Nf4 Rxh2+ 40. Kg4 Qc2 41. Qe5 Qf5+ 42. Qxf5 exf5+ 43. Kg5 d4 44. Kf6 Rf2 45. Ke5 d3 46. Nxd3 Rxf3 47. Nf4 Rxg3 48. Kd4 Rg4 49. Ke3 Rxf4 50. Kxf4 h5 51. Kg3 g5 52. Kf2 Kg7 53. Kg3 Kf6 54. Kf3 Ke5 55. Kg2 Ke4 56. Kf2 f4 0-1